 Dungeon Crawl Stone Soup version 0.21-a0-1-gaf3b9a5 (webtiles) character file.

451 MTVSty1e the Skirmisher (level 6, -1/51 HPs)
             Began as a Draconian Earth Elementalist on May 20, 2017.
             Engulfed by a cloud of flame (23 damage)
             ... on level 4 of the Dungeon.
             The game lasted 00:12:12 (2915 turns).

MTVSty1e the Skirmisher (DrEE)                      Turns: 2915, Time: 00:12:13

Health: -1/51      AC:  6    Str: 12    XL:     6   Next: 75%
Magic:  9/9        EV: 13    Int: 16    God:
Gold:   81         SH:  9    Dex: 11    Spells: 1/9 levels left

rFire    . . .     SeeInvis .   g - +0 mace
rCold    . . .     Gourm    .   l - +1 shield
rNeg     . . .     Faith    .   (armour unavailable)
rPois    .         Spirit   .   (helmet restricted)
rElec    .         Reflect  .   (no cloak)
rCorr    .         Harm     .   (no gloves)
MR       +....                  (no boots)
Stlth    ++........             (no amulet)
Regen    0.2/turn               i - +3 ring of evasion
MPRegen  0.2/turn               o - ring of protection from magic

@: no status effects
A: unfitting armour, cold-blooded, AC +6
a: no special abilities


You were on level 4 of the Dungeon.
You were not hungry.

You visited 1 branch of the dungeon, and saw 4 of its levels.

You collected 81 gold pieces.

Inventory:

Hand Weapons
 g - a +0 mace (weapon)
Missiles
 b - 109 stones (quivered)
Armour
 k - a +0 large shield
 l - a +1 shield (worn)
Jewellery
 i - a +3 ring of evasion (left hand)
 o - a ring of protection from magic (right hand)
Wands
 j - a wand of flame (29/48)
Scrolls
 e - a scroll of fear
 h - a scroll of teleportation
 r - 3 scrolls of identify
Potions
 a - a potion of curing
 n - a potion of agility
Books
 d - a book of Geomancy

   Spells                             Type                      Level
   a - Sandblast                      Earth                        1
   b - Passwall                       Transmutation/Earth          2
   c - Stone Arrow                    Conjuration/Earth            3
   d - Petrify                        Transmutation/Earth          4
   e - Lee's Rapid Deconstruction     Earth                        5
Comestibles
 c - 5 bread rations
 f - 3 fruits
 q - 3 meat rations


   Skills:
 * Level 3.5 Fighting
 + Level 3.5 Maces & Flails
 + Level 2.9 Dodging
 - Level 1.7 Stealth
 + Level 2.6 Shields
 + Level 2.1 Spellcasting
 * Level 1.2 Conjurations
 * Level 1.4 Transmutations
 + Level 3.3 Earth Magic


You had one spell level left.
You knew the following spells:

 Your Spells              Type           Power        Failure   Level  Hunger
a - Sandblast             Erth           ##....       26%         1    #......
b - Stone Arrow           Conj/Erth      #.....       75%         3    ###....
c - Petrify               Tmut/Erth      #.......     98%         4    #####..


Dungeon Overview and Level Annotations

Branches:
Dungeon (4/15)
 Temple: D:4-7

Altars:
Hepliaklqana
Ru
Xom


Innate Abilities, Weirdness & Mutations

Your plain brown scales are hard. (AC +6)
You cannot fit into any form of body armour.
You are cold-blooded and may be slowed by cold attacks.


Message History

You block the hound's attack. The hound bites you but does no damage.
You barely miss the hound.
The hound is almost dead.
The hound bites you. You block the hound's attack.
You barely miss the hound.
You tail-slap the hound, but do no damage.
The hound is almost dead.
You block the hound's attack. The hound misses you.
You hit the hound but do no damage. You tail-slap the hound.
The hound is almost dead.
You block the hound's attack. The hound bites you but does no damage.
Your shield prevents you from hitting the hound.
The hound is almost dead.
The hound misses you. The hound barely misses you.
You hit the hound.
The hound explodes!
The fiery explosion engulfs you!
Ouch! That really hurt!
You are engulfed in blazing flames.
You die...

###+#
#...######..#
#..%.........
#...%........
###.#########
##%### #....#
#§@..# #§§..#
.§§§#.#
########


There were no monsters in sight!

Vanquished Creatures
  Sigmund (D:2)
  A hound (D:4)
  An orc wizard (D:3)
  Natasha (thrice) (D:3)
  4 gnolls (D:2)
  4 adders
  2 oozes (D:2)
  3 worms
  2 dart slugs (D:2)
  A leopard gecko (D:1)
  2 orcs (D:3)
  3 ball pythons
  2 giant cockroaches
  16 goblins
  9 hobgoblins
  6 jackals (D:3)
  5 kobolds
  3 bats
  4 frilled lizards
  8 rats
80 creatures vanquished.

Notes
Turn   | Place    | Note
-------+----------+-------------------------------------------
     0 | D:1      | MTVSty1e the Draconian Earth Elementalist began the quest for the Orb.
     0 | D:1      | Reached XP level 1. HP: 14/14 MP: 3/3
   601 | D:1      | Reached XP level 2. HP: 22/22 MP: 5/5
   649 | D:1      | Reached skill level 1 in Fighting
  1101 | D:2      | Reached skill level 1 in Maces & Flails
  1101 | D:2      | Reached XP level 3. HP: 29/29 MP: 6/6
  1580 | D:2      | Reached XP level 4. HP: 36/36 MP: 5/7
  1592 | D:2      | Noticed Sigmund
  1627 | D:2      | Killed Sigmund
  1627 | D:2      | Reached XP level 5. HP: 44/44 MP: 8/8
  1968 | D:2      | Learned a level 3 spell: Stone Arrow
  1973 | D:2      | Learned a level 4 spell: Petrify
  2196 | D:3      | Noticed Natasha
  2198 | D:3      | Reached XP level 6. HP: 51/51 MP: 9/9
  2208 | D:3      | Killed Natasha
  2339 | D:3      | Noticed Natasha
  2346 | D:3      | Killed Natasha
  2410 | D:3      | Noticed Natasha
  2426 | D:3      | Killed Natasha
  2496 | D:3      | Found a shimmering altar of Xom.
  2497 | D:3      | Found a hazy altar of Hepliaklqana.
  2497 | D:3      | Noticed a wyvern
  2498 | D:3      | Noticed a wyvern
  2498 | D:3      | Noticed a spectral ugly thing
  2801 | D:3      | Found a sacrificial altar of Ru.
  2813 | D:3      | Reached skill level 1 in Conjurations
  2915 | D:4      | Engulfed by a cloud of flame

Vault maps used:
D:1:      matt_arrival_diagonals
D:2:      first_bread, uniq_sigmund
D:3:      regret_index_temple_of_mockery, st_stairs_14,
          nicolae_ru_great_annihilating_truth, uniq_natasha
D:4:      serial_shops, shop, nicolae_ossuary_entry_false_entrances,
          evilmike_ruin_ashenzari, uniq_eustachio

Skill      XL: |  1  2  3  4  5  6 |
---------------+-------------------+-----
Fighting       | 2 3 |  3.5
Maces & Flails | 1 2 3 |  3.5
Dodging        | 2 |  2.9
Shields        | 2 |  2.6
Conjurations   | 1 |  1.2
Stealth        | |  1.7
Spellcasting   | |  2.1
Transmutations | |  1.4
Earth Magic    | |  3.3

Action                   |  1- 3 |  4- 6 || total
-------------------------+-------+-------++-------
Melee: Mace              |    89 |   194 ||   283
       Tailslap          |     9 |    16 ||    25
 Cast: Sandblast         |    12 |    12 ||    24
  Use: Potion            |       |     6 ||     6
       Scroll            |       |     7 ||     7
 Stab: Sleeping          |     3 |     3 ||     6
       Invisible         |       |     1 ||     1
  Eat: Royal jelly       |     1 |     1 ||     2
       Meat ration       |       |     1 ||     1
Armor: Skin              |    32 |    57 ||    89
Dodge: Dodged            |    77 |   151 ||   228
Block: Shield            |    34 |   100 ||   134
